 Dungeon Crawl Stone Soup version 0.24.0-13-gcf9b319 (webtiles) character file.

Game seed: 11723860708344922821, levelgen mode: deterministic

39263 Doobh the Fighter (level 13, -5/114 HPs)
             Began as a Demonspawn Gladiator on Jan 3, 2020.
             Was a Believer of Jiyva.
             Killed from afar by a lindwurm (26 damage)
             ... with a blast of flame
             ... on level 6 of the Lair of Beasts.
             The game lasted 01:26:30 (24587 turns).

Doobh the Fighter (Demonspawn Gladiator)           Turns: 24587, Time: 01:26:31

Health: -5/114     AC: 19    Str: 19    XL:     13   Next: 68%
Magic:  0/14       EV: 12    Int:  9    God:    Jiyva [**....]
Gold:   1721       SH: 16    Dex: 18    Spells: 12/12 levels left

rFire    x . .     SeeInvis .     - Unarmed
rCold    + + .     Gourm    .   K - +0 large shield
rNeg     + + .     Faith    .   k - +0 scale mail
rPois    .         Spirit   +   u - +0 hat of Cogu Fuvygg {+Blink rF- rC+ rN++}
rElec    .         Reflect  .   (no cloak)
rCorr    .         Harm     .   (gloves unavailable)
MR       +....                  g - +2 pair of boots {Fly}
Stlth    ..........             V - amulet of regeneration
HPRegen  0.69/turn              W - ring of protection from cold
MPRegen  0.14/turn              x - ring of Summer {MR+ AC+1 Dex+2}

@: sanguine armour, flying
A: claws 3, robust 1, spiny 2, magic shield, sanguine armour 1
a: Request Jelly, Renounce Religion, Evoke Blink, Stop Flying


You were on level 6 of the Lair of Beasts.
You worshipped Jiyva.
Jiyva was pleased with you.
You were not hungry.

You visited 4 branches of the dungeon, and saw 19 of its levels.
You also visited: Bailey and Gauntlet.

You collected 1721 gold pieces.

Inventory:

Missiles
 c - 3 throwing nets
 e - 75 poisoned darts
 y - 17 silver javelins
 D - 36 boomerangs (quivered)
Armour
 a - +0 ice dragon scales
 g - a +2 pair of boots of flying (worn)
 k - a +0 scale mail (worn)
 t - the +11 crystal plate armour of Plasticity {Dex+4}
   (You found it in a bailey)

   It affects your dexterity (+4).
 u - the +0 hat of Cogu Fuvygg (worn) {+Blink rF- rC+ rN++}
   (You found it in a Gauntlet)

   It makes you vulnerable to fire.
   It protects you from cold.
   It greatly protects you from negative energy.
   It lets you blink.
 K - a +0 large shield (worn)
Jewellery
 l - an uncursed ring of positive energy
 x - the ring of Summer (right claw) {MR+ AC+1 Dex+2}
   (You took it off a minotaur in a Gauntlet)

   [ring of protection]

   It affects your AC (+1).
   It affects your dexterity (+2).
   It affects your resistance to hostile enchantments.
 E - a +3 ring of dexterity
 I - an uncursed amulet of the acrobat
 N - an uncursed ring of see invisible
 O - an uncursed ring of resist corrosion
 V - an amulet of regeneration (around neck)
 W - a ring of protection from cold (left claw)
Wands
 q - a wand of scattershot (7)
 w - a wand of random effects (13)
 F - a wand of paralysis (19)
 H - a wand of digging (3)
 M - a wand of acid (3)
 R - a wand of enslavement (8)
 S - a wand of flame (9)
 X - a wand of iceblast (10)
Scrolls
 b - 3 scrolls of teleportation
 i - 6 scrolls of enchant weapon
 j - 6 scrolls of fog
 m - 9 scrolls of enchant armour
 n - 8 scrolls of amnesia
 o - 11 scrolls of remove curse
 r - 2 scrolls of fear
 L - 2 scrolls of blinking {unknown}
 P - 2 scrolls of silence {unknown}
 Q - 4 scrolls of vulnerability {unknown}
 T - 6 scrolls of identify
 Z - a scroll of brand weapon {unknown}
Potions
 f - a potion of ambrosia {unknown}
 p - 3 potions of brilliance
 s - 5 potions of flight
 v - a potion of magic
 z - a potion of curing
 A - a potion of invisibility {unknown}
 B - a potion of mutation
 C - 3 potions of lignification
 G - a potion of agility {unknown}
 J - 2 potions of cancellation
 Y - 4 potions of haste {unknown}
Miscellaneous
 h - a phial of floods
Comestibles
 d - 24 rations


   Skills:
 + Level 10.4 Fighting
 + Level 9.5 Throwing
 + Level 9.9 Armour
 - Level 8.0 Dodging
 * Level 8.4 Shields
 + Level 9.8 Unarmed Combat
 + Level 2.5 Evocations


You had 12 spell levels left.
You didn't know any spells.
Your spell library contained the following spells:

 Spells                   Type           Power        Failure   Level  Hunger
 Animate Skeleton         Necr           N/A          100%        1    ##.....
 Apportation              Tloc           #.....       100%        1    ##.....
 Confusing Touch          Hex            #.....       100%        1    ##.....
 Magic Dart               Conj           #...         100%        1    ##.....
 Summon Small Mammal      Summ           #...         100%        1    ##.....
 Blink                    Tloc           N/A          100%        2    ###....
 Call Imp                 Summ           #.......     100%        2    ###....
 Corpse Rot               Necr           N/A          100%        2    ###....
 Slow                     Hex            #.......     100%        2    ###....
 Sublimation of Blood     Necr           #.........   100%        2    ###....
 Confuse                  Hex            #.......     100%        3    ####...
 Conjure Flame            Conj/Fire      #.......     100%        3    ####...
 Gell's Gravitas          Tloc           #.........   100%        3    ####...
 Mephitic Cloud           Conj/Pois/Air  #.......     100%        3    ####...
 Ice Form                 Ice/Tmut       #.......     100%        4    #####..
 Petrify                  Tmut/Erth      #.......     100%        4    #####..
 Throw Icicle             Conj/Ice       #.......     100%        4    #####..
 Metabolic Englaciation   Hex/Ice        #.........   100%        5    ######.
 Yara's Violent Unravell  Hex/Tmut       #.........   100%        5    ######.
 Bolt of Cold             Conj/Ice       #.........   100%        6    #######
 Freezing Cloud           Conj/Ice/Air   #.........   100%        6    #######
 Ozocubu's Refrigeration  Ice            #.........   100%        6    #######
 Simulacrum               Ice/Necr       #.........   100%        6    #######


Dungeon Overview and Level Annotations

Branches:
Dungeon (10/15)            Temple (1/1) D:6            Lair (6/6) D:9
 Shoals (0/4) Lair:4       Spider (0/4) Lair:3        Slime (0/5) Lair:6
    Orc (2/2) D:10            Elf (0/3) Orc:2        Bailey (visited)
Gauntlet (visited)

Altars:
Ashenzari
Cheibriados
Dithmenos
Elyvilon
Fedhas
Gozag
Hepliaklqana
Kikubaaqudgha
Makhleb
Nemelex Xobeh
Okawaru
Qazlal
Ru
Sif Muna
Trog
Uskayaw
Vehumet
Wu Jian
Xom
Yredelemnul
Zin
The Shining One
Jiyva

Shops:
Orc:2 [:

Annotations:
Lair:3 2 transporters, Xiscapia's ghost, journeyman KoEE
Lair:4 exclusion: oklob plant


Innate Abilities, Weirdness & Mutations

You have claws for hands.
You are mostly covered in sharp spines.
When hurt, damage is shared between your health and your magic reserves.
When seriously injured, your bleeding wounds create armour. (AC +6)
You are robust. (+10% HP)


Message History

You scratch the lindwurm but do no damage.
The lindwurm is severely wounded.
The lindwurm bites you!
* * * LOW HITPOINT WARNING * * *
The lindwurm closely misses you. You block the lindwurm's attack.
You scratch the lindwurm but do no damage.
The lindwurm is severely wounded.
The lindwurm bites you!
* * * LOW HITPOINT WARNING * * *
You block the lindwurm's attack. x2
You feel better. You block the lindwurm's attack.
The lindwurm claws you but does no damage.
The lindwurm claws you!
* * * LOW HITPOINT WARNING * * *
Okay, then.
As you read the scroll of fear, it crumbles to dust.
You assume a fearsome visage.
The lindwurm looks frightened!
The lindwurm breathes flames at you. The blast of flame hits you!!
The fire burns you terribly!
You die...

#.........#............PP
#.....#..##...........P.#
##...#.#####P..........#.
##P.#..########..........#
#..##.####..###..........#
#...#####....##..........#
##..## #.....###.........#
##..###....## #.........#
# #....###@.## #..........
.# ###...#'### #..........
..### ##..k## #.#..##.##.
....### ###.⌠.#
######.####
#.....#####.÷..## ###
##.....#.#....##
####.......### ###.P.##.#
########


You could see a lindwurm (fleeing).

Vanquished Creatures
  A minotaur (Gauntlet)
  Erolcha (Orc:2)
  2 hydras
  Harold (D:7)
  A hell beast (Gauntlet)
  An ice dragon (Lair:6)
  2 orc knights
  Pikel (D:6)
  An orc sorcerer (Orc:1)
  4 black mambas
  8 komodo dragons
  10 spiny frogs
  3 torpor snails
  2 rime drakes
  A minotaur zombie (Gauntlet)
  A polar bear (Lair:2)
  5 trolls
  3 hornets (Lair:6)
  14 blink frogs
  6 dream sheep
  8 hippogriffs
  2 redbacks (Lair:3)
  A wraith (D:9)
  A ynoxinul (Gauntlet)
  Eustachio (D:4)
  A wyvern (D:9)
  32 yaks
  2 basilisks
  A human (D:8)
  Menkaure (D:6)
  A warg (Orc:2)
  Edmund (D:4)
  2 acid dragons (Gauntlet)
  19 water moccasins
  2 hell hounds (Gauntlet)
  7 porcupines
  7 ice beasts
  Purgy (D:4)
  A sky beast (D:10)
  A slave (D:6)
  3 black bears
  7 orc warriors
  An eye of draining (D:10)
  A phantom (D:7)
  9 wolves
  12 ogres
  4 centaurs
  8 crocodiles
  2 big kobolds
  Blork the orc (D:4)
  11 bullfrogs
  A wyvern zombie (D:8)
  2 scorpions
  A killer bee (D:9)
  10 wights
  2 howler monkeys
  2 electric eels
  5 crimson imps
  A centaur zombie (D:7)
  A quasit (D:9)
  A centaur skeleton (D:9)
  5 hounds
  3 jellies
  A gnoll shaman (D:7)
  9 orc priests
  9 iguanas
  2 iron imps (Gauntlet)
  14 orc wizards
  Natasha (D:3)
  5 hell rats (Lair:5)
  9 worker ants
  2 hound zombies
  3 hound skeletons
  A worker ant zombie (D:10)
  16 gnolls
  11 adders
  5 shadow imps
  2 oozes
  2 adder zombies
  2 adder skeletons
  5 worms
  An adder simulacrum (D:9)
  5 leopard geckos
  55 orcs
  6 giant cockroaches
  15 goblins
  14 hobgoblins
  9 jackals
  8 quokkas
  A ball python (D:1)
  5 bats
  6 frilled lizards
  28 kobolds
  A leopard gecko skeleton (D:4)
  8 rats
  A plant (Lair:6)
515 creatures vanquished.

Vanquished Creatures (others)
  A water moccasin (Lair:6)
  11 jellies (Lair:6)
  9 fungi
  8 plants
29 creatures vanquished.

Grand Total: 544 creatures vanquished

Notes
Turn   | Place    | Note
-------+----------+-------------------------------------------
     0 | D:1      | Doobh the Demonspawn Gladiator began the quest for the Orb.
     0 | D:1      | Reached XP level 1. HP: 16/16 MP: 1/1
   381 | D:1      | Gained mutation: You are partially covered in sharp spines.
                  | [demonic ancestry]
   381 | D:1      | Reached XP level 2. HP: 20/22 MP: 2/2
   776 | D:2      | Reached XP level 3. HP: 25/28 MP: 3/3
  1010 | D:2      | Found an opulent altar of Gozag.
  1334 | D:2      | Found a white marble altar of Elyvilon.
  1368 | D:2      | Gained mutation: You have sharp fingernails. [demonic
                  | ancestry]
  1368 | D:2      | Reached XP level 4. HP: 28/34 MP: 4/4
  2058 | D:3      | Found a bloodstained altar of Trog.
  2109 | D:3      | Found a hazy altar of Hepliaklqana.
  2859 | D:4      | Noticed Purgy
  2905 | D:3      | Reached skill level 3 in Fighting
  3074 | D:4      | Gained mutation: When hurt, damage is shared between your
                  | health and your magic reserves. [demonic ancestry]
  3074 | D:4      | Reached XP level 5. HP: 39/41 MP: 5/5
  3076 | D:4      | Noticed Natasha
  3088 | D:3      | Killed Natasha
  3281 | D:4      | Killed Purgy
  3281 | D:4      | Reached XP level 6. HP: 33/47 MP: 6/6
  3588 | D:4      | You fall into a shaft and drop 2 floors!
  3643 | D:6      | Found a blossoming altar of Fedhas.
  3994 | D:6      | Found a glowing silver altar of Zin.
  4096 | D:6      | Reached skill level 4 in Fighting
  4141 | D:6      | Gained mutation: You have very sharp fingernails. [demonic
                  | ancestry]
  4141 | D:6      | Reached XP level 7. HP: 54/54 MP: 7/7
  4407 | D:5      | Entered Level 5 of the Dungeon
  4567 | D:4      | Noticed Eustachio
  4650 | D:4      | Noticed Blork the orc
  4663 | D:4      | Killed Blork the orc
  4747 | D:4      | Found a radiant altar of Vehumet.
  4961 | D:4      | Killed Eustachio
  5019 | D:4      | Noticed Edmund
  5037 | D:4      | Killed Edmund
  5037 | D:4      | Reached skill level 5 in Fighting
  5037 | D:4      | Reached skill level 5 in Dodging
  5037 | D:4      | Reached skill level 5 in Unarmed Combat
  5037 | D:4      | Reached XP level 8. HP: 52/62 MP: 8/8
  5065 | D:4      | Found an iron altar of Okawaru.
  5065 | D:4      | Found a shimmering blue altar of Sif Muna.
  5066 | D:4      | Found a shadowy altar of Dithmenos.
  5608 | D:5      | Reached skill level 1 in Armour
  5623 | D:5      | Reached skill level 5 in Throwing
  6079 | D:6      | Found a burning altar of Makhleb.
  6182 | D:6      | Noticed Menkaure
  6197 | D:6      | Killed Menkaure
  6488 | D:6      | Found a staircase to the Ecumenical Temple.
  6497 | Temple   | Entered the Ecumenical Temple
  6999 | D:7      | Found a sparkling altar of Nemelex Xobeh.
  7005 | D:7      | Found a flagged portal.
  7016 | Bailey   | Entered a bailey
  7210 | Bailey   | Noticed an orc knight
  7248 | Bailey   | Gained mutation: When seriously injured, your bleeding
                  | wounds create armour. (AC +6) [demonic ancestry]
  7248 | Bailey   | Reached XP level 9. HP: 69/69 MP: 9/9
  7263 | Bailey   | Killed an orc knight
  7263 | Bailey   | Reached skill level 6 in Fighting
  7444 | Bailey   | Got a pitted crystal plate armour
  8415 | D:7      | Noticed Pikel
  8890 | D:7      | Noticed Harold
  8908 | D:7      | Killed Harold
  8908 | D:7      | Reached skill level 5 in Armour
  8920 | D:7      | Reached XP level 10. HP: 66/77 MP: 10/10
  9146 | D:6      | Killed Pikel
  9705 | D:8      | Reached skill level 7 in Fighting
 10293 | D:8      | Found a glowing golden altar of the Shining One.
 10843 | D:9      | Got an ancient dagger
 11760 | D:8      | Identified the +11 crystal plate armour of Plasticity
                  | {Dex+4} (You found it in a bailey)
 11761 | D:8      | Identified the +6 dagger of Cogho {drain, +Rage rPois rF-
                  | Int+4} (You found it on level 9 of the Dungeon)
 12070 | D:9      | Gained mutation: You are agile. (Dex +2) [potion of
                  | mutation]
 12070 | D:9      | Lost mutation: You are agile. (Dex +2) [potion of mutation]
 12070 | D:9      | Gained mutation: You are robust. (+10% HP) [potion of
                  | mutation]
 12129 | D:9      | Found a snail-covered altar of Cheibriados.
 12259 | D:9      | Found a staircase to the Lair.
 12287 | D:9      | Gained mutation: You are mostly covered in sharp spines.
                  | [demonic ancestry]
 12287 | D:9      | Reached XP level 11. HP: 89/94 MP: 9/11
 12588 | D:10     | Entered Level 10 of the Dungeon
 12862 | D:10     | Reached skill level 8 in Fighting
 13045 | D:10     | Found a staircase to the Orcish Mines.
 13749 | Lair:1   | Entered Level 1 of the Lair of Beasts
 14346 | Lair:1   | Reached skill level 1 in Shields
 15829 | Lair:2   | Noticed a five-headed hydra
 15844 | Lair:2   | Killed a five-headed hydra
 15914 | Lair:1   | Gained mutation: You have claws for hands. [demonic
                  | ancestry]
 15914 | Lair:1   | Reached XP level 12. HP: 42/103 MP: 9/12
 16627 | Lair:2   | Reached skill level 9 in Fighting
 17208 | Lair:3   | Found a hole to the Spider Nest.
 17657 | Orc:1    | Entered Level 1 of the Orcish Mines
 18303 | Orc:1    | You fall into a shaft and drop 1 floor!
 18303 | Orc:2    | Entered Level 2 of the Orcish Mines
 18316 | Orc:2    | Reached skill level 5 in Shields
 18447 | Orc:2    | Noticed Erolcha
 18460 | Orc:2    | Killed Erolcha
 18505 | Orc:2    | Noticed an ettin
 18519 | Orc:2    | Noticed an ogre mage
 18520 | Orc:2    | Noticed a two-headed ogre
 18520 | Orc:2    | Noticed a two-headed ogre
 18526 | Orc:2    | Found a staircase to the Elven Halls.
 18530 | Orc:2    | Found a gate leading to a gauntlet.
 18533 | Orc:2    | Found Wajug's Book Emporium.
 18534 | Orc:2    | Noticed a two-headed ogre
 18534 | Orc:2    | Noticed a two-headed ogre
 18535 | Orc:2    | Found Hope's Antique Armour Emporium.
 18539 | Gauntlet | Entered a Gauntlet
 18539 | Gauntlet | Found a transporter.
 18539 | Gauntlet | Found a transporter.
 18660 | Gauntlet | Found a transporter.
 18664 | Gauntlet | Found a transporter.
 18675 | Gauntlet | Found a transporter.
 18676 | Gauntlet | Found a transporter.
 18680 | Gauntlet | Found a runed translucent door.
 18680 | Gauntlet | Found a runed translucent door.
 18684 | Gauntlet | Found a transporter.
 18700 | Gauntlet | Found a transporter.
 18717 | Gauntlet | Found a transporter.
 18718 | Gauntlet | Found a transporter.
 18718 | Gauntlet | Noticed a hell beast
 18726 | Gauntlet | Found a transporter.
 18730 | Gauntlet | Found a transporter.
 19035 | Gauntlet | Killed a hell beast
 19058 | Gauntlet | Got a smoking hat
 19203 | Gauntlet | Identified the ring of Summer {MR+ AC+1 Dex+2}
 19203 | Gauntlet | Noticed a minotaur
 19214 | Gauntlet | Killed a minotaur
 19217 | Gauntlet | Identified the Almanac of Icy Sinister Magic
 19258 | Gauntlet | Identified the +0 hat of Cogu Fuvygg {+Blink rF- rC+ rN++}
                  | (You found it in a Gauntlet)
 19308 | Orc:2    | Noticed an ogre mage
 19314 | Orc:2    | Noticed a two-headed ogre
 19315 | Orc:2    | Noticed a two-headed ogre
 19478 | Orc:1    | Noticed a stone giant
 19879 | Lair:3   | Found a transporter.
 19881 | Lair:3   | Noticed Xiscapia's ghost (journeyman KoEE)
 19882 | Lair:3   | Found a transporter.
 20926 | Lair:4   | Reached XP level 13. HP: 111/113 MP: 11/13
 21434 | Lair:4   | Found a staircase to the Shoals.
 22051 | Lair:5   | Reached skill level 10 in Fighting
 22776 | Lair:6   | Entered Level 6 of the Lair of Beasts
 22829 | Lair:6   | Found a viscous altar of Jiyva.
 22834 | Lair:6   | Found a staircase to the Slime Pits.
 23093 | Lair:6   | Reached skill level 1 in Evocations
 23098 | Lair:6   | Became a worshipper of Jiyva Jedaefri the Shapeless
 23662 | Lair:5   | Reached * piety under Jiyva
 24037 | Lair:6   | Reached ** piety under Jiyva
 24317 | Lair:6   | Found a runed translucent door.
 24521 | Lair:6   | Paralysed by a hornet for 2 turns
 24587 | Lair:6   | Killed from afar by a lindwurm

Levels and vault maps discovered:
D:1:      dpeg_arrival_refuge, layout_rooms
D:2:      layout_basic, overflow_temple_1_default, grunt_gozag_statues,
          first_ration
D:3:      layout_basic, old_standard_altar, bloody_trog
D:4:      layout_basic, kennysheep_little_box, gammafunk_temple_overflow_claw,
          uniq_purgy, uniq_blork_the_orc, uniq_natasha, uniq_edmund,
          uniq_eustachio
D:5:      layout_basic, minivault_11
D:6:      layout_cave_pods, marbit_many_paths, lemuel_doored_altar,
          lemuel_round_altar, minmay_temple_entry_poolview, st_stairs_5,
          grunt_ministairs_13, uniq_menkaure
D:7:      layout_cave_pods, nemelex_xobeh_ov_fountains_minmay, enter_bailey_3,
          uniq_harold, uniq_pikel
D:8:      layout_basic, kennysheep_flooded_box, grunt_pizzeria,
          corexii_leaking_fountain
D:9:      minmay_the_grid_3x2 [minmay_the_grid_rooms,
          minmay_the_grid_small_cups, minmay_the_grid_doors,
          minmay_the_grid_odd_star, minmay_the_grid_diamond_grid,
          minmay_the_grid_prize_big_room], layout_loops_ring,
          nicolae_overflow_crystal_walls
D:10:     layout_loops_ring, orc_0_dummy
Temple:   dpeg_chambers_temple
Lair:1:   layout_regular_city, lemuel_fruit_tree
Lair:2:   layout_long_grid
Lair:3:   layout_regular_city, spider_nest_entry_webs, gammafunk_ghost_hive,
          serial_bayou_shore_a
Lair:4:   layout_concentric_octagons, shoals_dummy_entry
Lair:5:   layout_hall_layers
Lair:6:   wormcave, layout_regular_city, slime_altar_1
Orc:1:    layout_diamond_mine
Orc:2:    st_orc_open, layout_caves, gauntlet_entry_generic, basic_altar,
          nicolae_orc_lava_tube, uniq_erolcha, uniq_snorg

Skill      XL: |  1  2  3  4  5  6  7  8  9 10 11 12 13 |
---------------+----------------------------------------+-----
Throwing       | 2 3 4 5 6 7 8 9 |  9.5
Unarmed Combat | 3 4 5 6 7 8 9 |  9.8
Dodging        | 3 4 5 6 7 8 |  8.0
Fighting       | 3 4 5 6 7 8 9 10 | 10.4
Armour         | 2 5 7 8 9 |  9.9
Shields        | 3 6 8 |  8.4
Evocations     | 2 |  2.5

Action                   |  1- 3 |  4- 6 |  7- 9 | 10-12 | 13-15 || total
-------------------------+-------+-------+-------+-------+-------++-------
Melee: Unarmed           |   122 |   141 |   278 |   780 |   309 ||  1630
       Punch             |     3 |     3 |     9 |    25 |       ||    40
Throw: Dart              |       |     6 |    27 |    12 |       ||    45
       Throwing net      |       |     1 |     9 |     5 |       ||    15
       Boomerang         |       |       |   103 |   141 |    41 ||   285
  Use: Scroll            |       |     6 |    10 |    13 |     4 ||    33
       Potion            |       |     1 |     7 |     4 |     2 ||    14
 Stab: Held in net/web   |       |     2 |     5 |     4 |       ||    11
       Distracted        |       |       |     1 |       |       ||     1
  Eat: Chunk             |     1 |     9 |    12 |    15 |     4 ||    41
       Ration            |       |       |     1 |     7 |     2 ||    10
Armor: Leather armour    |    24 |     4 |       |       |       ||    28
       Scale mail        |       |    44 |    85 |   179 |    68 ||   376
Dodge: Dodged            |    84 |    59 |   129 |   327 |    86 ||   685
Block: Shield            |       |       |       |   162 |       ||   162
       Large shield      |       |       |       |    44 |   295 ||   339
